 Dungeon Crawl Stone Soup version 0.24-a0-530-g18ba70b503 (webtiles) character file.

Game seed: 2700732337839189105

443 Peloso the Slasher (level 6, 0/53 HPs)
             Began as a Minotaur Fighter on Aug 8, 2019.
             Slain by an orc
             ... wielding a +0 trident
              (6 damage)
             ... on level 4 of the Dungeon.
             The game lasted 00:04:40 (2426 turns).

Peloso the Slasher (Minotaur Fighter)               Turns: 2426, Time: 00:04:41

Health: 0/53       AC:  9    Str: 26    XL:     6   Next: 71%
Magic:  14/14      EV:  7    Int:  5    God:
Gold:   135        SH: 10    Dex: 11    Spells: 5/5 levels left

rFire    . . .     SeeInvis .   a - +0 long sword
rCold    . . .     Gourm    .   c - +0 shield
rNeg     . . .     Faith    .   g - +0 chain mail
rPois    .         Spirit   .   (helmet restricted)
rElec    .         Reflect  .   e - scarf {cloud immunity}
rCorr    .         Harm     .   (no gloves)
MR       .....                  (no boots)
Stlth    ..........             (no amulet)
HPRegen  0.17/turn              j - ring of magical power
MPRegen  0.14/turn              (no ring)

@: mighty
A: retaliatory headbutt, horns 2
a: no special abilities


You were on level 4 of the Dungeon.
You were not hungry.

You visited 1 branch of the dungeon, and saw 4 of its levels.

You collected 135 gold pieces.

Inventory:

Hand Weapons
 a - a +0 long sword (weapon)
Armour
 b - a +0 scale mail
 c - a +0 shield (worn)
 e - a scarf of cloud immunity (worn)
 g - a +0 chain mail (worn)
Jewellery
 j - a ring of magical power (left hand)
Wands
 p - a wand of enslavement (8)
Scrolls
 h - 4 scrolls of teleportation
 m - 2 scrolls of enchant armour {unknown}
 n - a scroll of fear {unknown}
 o - 2 scrolls of enchant weapon {unknown}
 r - a scroll of identify
 u - a scroll of remove curse {unknown}
Potions
 i - a potion of agility
 k - a potion of brilliance
 l - a potion of mutation
 q - a potion of flight
 s - a potion of magic {unknown}
 t - a potion of berserk rage {unknown}
Comestibles
 f - 5 rations
 v - a chunk of flesh


   Skills:
 + Level 4.7 Fighting
 + Level 5.8 Long Blades
 + Level 5.0 Armour
 + Level 1.4 Dodging
 + Level 0.2 Stealth
 + Level 5.4 Shields


You had 5 spell levels left.
You didn't know any spells.
Your spell library was empty.

Dungeon Overview and Level Annotations

Branches:
Dungeon (4/15)
 Temple: D:4-7

Altars:
Ashenzari
Fedhas
Nemelex Xobeh

Portals:
Ossuary: D:4


Innate Abilities, Weirdness & Mutations

You reflexively headbutt those who attack you in melee.
You have a pair of horns on your head.


Message History

a +0 club; a +0 scale mail; an orc corpse The orc hits you with a +0 trident.
* * * LOW HITPOINT WARNING * * *
An orc comes into view.
You closely miss the orc. You headbutt the orc.
The orc is heavily wounded.
You block the orc's attack.
The orc wizard gestures at you while chanting.
The magic dart hits you.
* * * LOW HITPOINT WARNING * * *
Unknown command.
Okay, then.
You feel very mighty all of a sudden. The orc hits you with a +0 trident.
* * * LOW HITPOINT WARNING * * *
The orc wizard hits you but does no damage.
You hit the orc wizard. You headbutt the orc wizard!
You kill the orc wizard!
The orc hits you with a +0 trident.
You die...

#....# #....####... ..
# #!..>#.....##..
#.#####....#...#.....
#..........#.......∩.
##....[....#.[...#...
#....[....#.........
#######)###..o...o..
#)..#.@o.# #
###..).).# .# ##)###.#
. ...... #.## ... .##
......# #..## #####...
......# ##.>#####...#
......### ##.......#
........
..#####.......######..
......#
#............)........


You could see 3 orcs.

Vanquished Creatures
  An ogre (D:4)
  A scorpion (D:4)
  A howler monkey (D:4)
  An orc priest (D:4)
  An orc wizard (D:4)
  Robin (D:2)
  8 adders
  An ooze (D:1)
  3 worms
  2 dart slugs (D:2)
  2 leopard geckos (D:3)
  20 orcs
  7 bats
  2 giant cockroaches
  12 goblins
  12 hobgoblins
  10 jackals
  3 kobolds
  A quokka (D:4)
  A ball python (D:2)
  A frilled lizard (D:4)
  3 rats (D:1)
94 creatures vanquished.

Notes
Turn   | Place    | Note
-------+----------+-------------------------------------------
     0 | D:1      | Peloso the Minotaur Fighter began the quest for the Orb.
     0 | D:1      | Reached XP level 1. HP: 19/19 MP: 0/0
   111 | D:1      | Reached XP level 2. HP: 27/27 MP: 1/1
   398 | D:1      | Found a sparkling altar of Nemelex Xobeh.
   622 | D:2      | Noticed Robin
   629 | D:2      | Reached XP level 3. HP: 31/33 MP: 2/2
   647 | D:2      | Killed Robin
   809 | D:2      | Reached XP level 4. HP: 27/40 MP: 3/3
   861 | D:2      | Found a shattered altar of Ashenzari.
  1735 | D:3      | Reached XP level 5. HP: 46/46 MP: 4/4
  1863 | D:3      | Found a blossoming altar of Fedhas.
  2348 | D:4      | Reached skill level 1 in Dodging
  2348 | D:4      | Reached skill level 5 in Shields
  2348 | D:4      | Reached XP level 6. HP: 52/53 MP: 5/5
  2355 | D:4      | Reached skill level 5 in Long Blades
  2355 | D:4      | Reached skill level 5 in Armour
  2422 | D:4      | Found a sand-covered staircase.
  2426 | D:4      | Slain by an orc

Levels and vault maps discovered:
D:1:      evilmike_arrival_run_for_it, layout_loops_ring, minivault_11,
          nemelex_diamond_rough_becter
D:2:      layout_loops_ring, ashenzari_conservatory_becter, uniq_robin
D:3:      layout_loops_ring, lemuel_doored_altar
D:4:      layout_rooms, lemuel_round_altar, nicolae_overflow_crystal_walls,
          serial_shops, shop_fountains, nicolae_ossuary_entry_ruins,
          uniq_duvessa

Skill      XL: |  1  2  3  4  5  6 |
---------------+-------------------+-----
Armour         | 4 5 |  5.0
Shields        | 4 5 |  5.4
Long Blades    | 3 4 5 |  5.8
Fighting       | 4 |  4.7
Dodging        | 1 |  1.4
Stealth        | |  0.2

Action                   |  1- 3 |  4- 6 || total
-------------------------+-------+-------++-------
Melee: Long sword        |    78 |   149 ||   227
       Headbutt          |    14 |    38 ||    52
  Use: Scroll            |       |     5 ||     5
       Potion            |       |     1 ||     1
  Eat: Chunk             |       |     5 ||     5
Armor: Scale mail        |    36 |    14 ||    50
       Chain mail        |       |    62 ||    62
Dodge: Dodged            |    28 |    30 ||    58
Block: Shield            |    49 |    87 ||   136
       Rpst.: Long sword |     8 |     7 ||    15

Table legend:
 A = Non-vault XP
 B = Vault XP
 C = Vault XP percentage of total XP
 D = Non-vault monster count
 E = Vault monster count
 F = Vault count percentage of total count
                 A         B        C        D         E       F
            +---------+---------+-------+---------+---------+-------
      Total |     594 |      40 |   6.3 |      82 |      12 |  12.8
            +---------+---------+-------+---------+---------+-------
        D:1 |      26 |       5 |  16.1 |      13 |       1 |   7.1
        D:2 |     108 |      35 |  24.5 |      21 |      11 |  34.4
        D:3 |      83 |       0 |   0.0 |      31 |       0 |   0.0
        D:4 |     377 |       0 |   0.0 |      17 |       0 |   0.0
            +---------+---------+-------+---------+---------+-------
